 Dungeon Crawl Stone Soup version 0.21-a0-122-g43b3ea6 (console) character file.

1714953 removed the Invulnerable (level 27, 409/409 HPs)
             Began as a Minotaur Wanderer on July 13, 2017.
             Was the Champion of the Shining One.
             Escaped with the Orb
             ... and 3 runes!
             The game lasted 03:08:08 (70257 turns).

removed the Invulnerable (Minotaur Wanderer)       Turns: 70257, Time: 03:08:08

Health: 409/409    AC: 46    Str: 42    XL:     27
Magic:  41/43      EV: 15    Int: 10    God:    the Shining One [******]
Gold:   4532       SH: 16    Dex: 15    Spells: 26/26 levels left

rFire    + + +     SeeInvis +   a - +11 battleaxe {elec, Str+3}
rCold    + + .     Gourm    .   (shield currently unavailable)
rNeg     + + +     Faith    .   S - +15 plate armour "Utwioh" {+Fly rCorr Int+4 Dex-4}
rPois    .         Spirit   .   V - +2 hat {SInv}
rElec    +         Reflect  .   L - scarf {rC+ rF+}
rCorr    +         Harm     .   Y - +1 pair of gloves of Articulation {Regen+ MP+9 Dex+4 Slay+2}
MR       ++++.     Rnd*Rage +   P - +2 pair of boots
Stlth    ..........             A - necklace of Bloodlust {*Rage +Rage MR++ Int-3 Slay+6 *Curse} (curse)
HPRegen  1.18/turn              j - ring "Pemuss" {rElec Str+3 Slay+2}
MPRegen  0.28/turn              r - ring of Oriepocu {rF+ rC+ Dex-3 SInv}

@: agile, berserking, divine shield, glowing, very quick
A: retaliatory headbutt, fangs 1, horns 2, agile 2, blurry vision 1, fire
resistance 1, low mp 1, subdued magic 1
0: Orb of Zot
}: 3/15 runes: decaying, silver, gossamer
a: Divine Shield, Cleansing Flame, Summon Divine Warrior, Renounce Religion,
Evoke Berserk Rage, Evoke Flight


You escaped.
You worshipped the Shining One.
The Shining One was exalted by your worship.
You were not hungry.

You visited 11 branches of the dungeon, and saw 53 of its levels.
You visited the Abyss 1 time.
You also visited: Labyrinth, Bailey and Ice Cave.

You collected 10249 gold pieces.
You spent 5717 gold pieces at shops.

Inventory:

Hand Weapons
 a - the +11 battleaxe of Intuition (weapon) {elec, Str+3}
   (You found it on level 3 of the Depths)

   Occasionally, upon striking a foe, it will discharge some electrical energy
   and cause terrible harm.
   It affects your strength (+3).
 g - a +5 blowgun
Missiles
 B - a throwing net (quivered)
 R - 12 curare-tipped needles
Armour
 l - the +1 cloak of Proximity {MR+ rCorr}
   (You found it on level 5 of the Vaults)

   It affects your resistance to hostile enchantments.
   It protects you from acid and corrosion.
 q - a scarf of spirit shield
 L - a scarf of resistance (worn)
 P - a +2 pair of boots (worn)
 S - the +15 plate armour "Utwioh" (worn) {+Fly rCorr Int+4 Dex-4}
   (You bought it in a shop on level 4 of the Vaults)

   It affects your intelligence (+4).
   It affects your dexterity (-4).
   It lets you fly.
   It protects you from acid and corrosion.
 V - a +2 hat of see invisible (worn)
 Y - the +1 pair of gloves of Articulation (worn) {Regen+ MP+9 Dex+4 Slay+2}
   (You acquired it on level 5 of the Vaults)

   It affects your dexterity (+4).
   It affects your accuracy and damage with ranged weapons and melee attacks
   (+2).
   It affects your magic capacity (+9).
   It increases your rate of regeneration.
Jewellery
 j - the ring "Pemuss" (left hand) {rElec Str+3 Slay+2}
   (You found it on level 5 of the Vaults)

   [ring of strength]

   It affects your strength (+3).
   It affects your accuracy and damage with ranged weapons and melee attacks
   (+2).
   It insulates you from electricity.
 r - the ring of Oriepocu (right hand) {rF+ rC+ Dex-3 SInv}
   (You found it on level 15 of the Dungeon)

   [ring of protection from fire]

   It affects your dexterity (-3).
   It protects you from fire.
   It protects you from cold.
   It lets you see invisible.
 A - the cursed necklace of Bloodlust (around neck) {*Rage +Rage MR++ Int-3 Slay+6 *Curse}
   (You found it on level 3 of the Depths)

   [amulet of rage]

   It affects your intelligence (-3).
   It affects your accuracy and damage with ranged weapons and melee attacks
   (+6).
   It affects your resistance to hostile enchantments.
   It lets you go berserk.
   It may make you go berserk in combat.
   It curses itself when equipped.
   It has a curse placed upon it.
 T - an uncursed amulet of guardian spirit
Wands
 c - a wand of digging (13/24)
 n - a wand of digging (10/24)
 u - a wand of scattershot (4/9)
 w - a wand of disintegration (11/24)
 D - a wand of acid (12/15)
 W - a wand of digging (11/24)
Scrolls
 e - 4 scrolls of recharging
 m - 9 scrolls of fog
 t - 22 scrolls of teleportation
 F - 5 scrolls of fear
 G - 4 scrolls of enchant armour
 I - 28 scrolls of identify
 J - 18 scrolls of remove curse
 M - 9 scrolls of blinking
Potions
 d - 23 potions of curing
 h - 5 potions of cancellation
 k - 11 potions of heal wounds
 s - 7 potions of mutation
 x - 3 potions of magic
 H - 9 potions of agility
 K - 2 potions of haste
 N - 11 potions of might
 O - 7 potions of brilliance
 U - 5 potions of resistance
 X - 15 potions of flight
Comestibles
 f - 25 bread rations
 i - 29 fruits
 z - 32 meat rations


   Skills:
 O Level 27 Fighting
 + Level 26.1 Axes
   Level 1.1 Crossbows
 O Level 27 Armour
 - Level 0.2 Dodging
 - Level 1.5 Stealth
   Level 16.0 Shields
 + Level 25.1 Invocations
 - Level 1.0 Evocations


You had 26 spell levels left.
You didn't know any spells.

Dungeon Overview and Level Annotations

Branches:
Dungeon (15/15)            Temple (1/1) D:7            Lair (6/6) D:11
  Swamp (4/4) Lair:2       Spider (4/4) Lair:4        Slime (0/5) Lair:6
    Orc (2/2) D:11            Elf (3/3) Orc:2        Vaults (5/5) D:13
  Crypt (3/3) Vaults:2       Tomb (0/3) Crypt:3      Depths (5/5) D:15
    Zot (5/5) Depths:5

Altars:
Ashenzari
Cheibriados
Dithmenos
Elyvilon
Fedhas
Gozag
Hepliaklqana
Kikubaaqudgha
Makhleb
Nemelex Xobeh
Okawaru
Qazlal
Ru
Sif Muna
Trog
Uskayaw
Vehumet
Wu Jian
Xom
Yredelemnul
Zin
The Shining One
Beogh
Jiyva

Shops:
D:9 }   D:10 =(%   D:12 [   D:14 ?   Orc:2 :*[(?   Vaults:3 %   Vaults:4 ([*[[
Depths:1 :*   Depths:2 =}=

Portals:
Hell: Depths:1 Depths:2 Depths:3 Depths:4 Depths:5
Abyss: Depths:4 Depths:5
Pandemonium: Depths:3 Depths:4
Ziggurat: Depths:2


Innate Abilities, Weirdness & Mutations

You reflexively headbutt those who attack you in melee.
You have a pair of horns on your head.
You have very sharp teeth.
You are very agile. (Dex +4)
Scrolls take you a little longer to read.
Your flesh is heat resistant. (rF+)
Your magical capacity is low. (-10% MP)
Your spells are a little easier to cast, but a little less powerful.


Message History

Okay, then.
Wear which item? (? for menu, Esc to quit)
Okay, then.
Put on which piece of jewellery? (? for menu, Esc to quit)
You remove your amulet of guardian spirit.
Your necklace of Bloodlust {*Rage +Rage MR++ Int-3 Slay+6 *Curse} glows black for a moment.
Oops, that amulet feels deathly cold.
A - the cursed necklace of Bloodlust (around neck) {*Rage +Rage MR++ Int-3 Slay+6 *Curse} Unknown command.
A divine shield forms around you!
You feel slightly more hungry.
You feel agile all of a sudden.
Okay, then.
You fail to use your ability.
The chaos spawn misses you.
You fail to use your ability.
You block the chaos spawn's attack.
A red film seems to cover your vision as you go berserk!
You feel yourself moving faster!
You feel mighty!
You feel a lot more hungry.
The chaos spawn gores you but does no damage.
You feel a strong urge to attack something.
You block the chaos spawn's attack.
You have escaped!

#### #@4###
##...####
##.....#####
##........######
##.............
###...........
####........
####..... #####)


You could see a chaos spawn.

Vanquished Creatures
  3 orbs of fire (Zot:5)
  5 ancient liches
  A juggernaut (Depths:3)
  the Lernaean hydra (Swamp:4)
  Boris (Vaults:5)
  Saint Roka (Elf:3)
  A caustic shrike (Depths:4)
  A Killer Klown (Zot:5)
  10 golden dragons
  the Enchantress (Depths:1)
  Arachne (Spider:4)
  4 bone dragons
  A Brimstone Fiend (D:3)
  4 electric golems
  12 tentacled monstrosities
  2 deep elf master archers (Elf:3)
  5 liches
  6 titans (Vaults:5)
  20 Orb Guardians
  2 quicksilver dragons (Zot:4)
  Frances (D:13)
  An Executioner (Zot:1)
  2 ancient champions (Crypt:3)
  3 death cobs
  A thorn hunter (Swamp:2)
  9 sphinxes
  10 tengu reavers
  Gastronok (Lair:3)
  9 storm dragons
  Roxanne (Elf:1)
  Agnes (Spider:4)
  4 shadow dragons
  Donald (Vaults:4)
  A revenant (Crypt:2)
  A draconian monk (Zot:2)
  A draconian knight (Zot:2)
  A fire giant (shapeshifter) (Vaults:5)
  The ghost of Gorglomux the Severer, a journeyman HOAr of Okawaru (D:12)
  18 fire giants
  Aizul (Swamp:1)
  3 orc warlords
  12 frost giants
  11 deep elf sorcerers
  A draconian scorcher (Zot:1)
  2 iron dragons (Depths:5)
  12 vault wardens
  A ghoul (Vaults:3)
  6 emperor scorpions
  An emperor scorpion (shapeshifter) (Elf:2)
  A caustic shrike zombie (Depths:4)
  An angel (Abyss:3)
  2 curse skulls
  4 deep elf elementalists (Elf:3)
  3 ghost moths (Spider:4)
  A juggernaut zombie (Crypt:1)
  19 very ugly things
  3 war gargoyles
  22 ironheart preservers
  5 draconian stormcallers
  6 draconian annihilators
  5 spriggan defenders
  30 stone giants
  5 vampire knights
  4 reapers
  3 entropy weavers
  5 deep elf demonologists
  6 green draconians
  5 black draconians
  10 deep elf annihilators
  4 red draconians
  16 spark wasps
  A purple draconian (Zot:2)
  8 yellow draconians
  6 white draconians
  Nessos (D:15)
  7 deep elf death magi
  An eidolon (Crypt:1)
  11 fire dragons
  A merfolk javelineer (Depths:2)
  Josephine (Orc:1)
  19 ettins
  A minotaur (Lab)
  3 deep elf high priests
  22 ogre magi
  3 jiangshi (Depths:3)
  Erolcha (Orc:2)
  12 great orbs of eyes
  15 yaktaur captains
  A caustic shrike simulacrum (Depths:4)
  7 ice dragons
  6 rakshasas
  10 spriggan air magi
  28 vault guards
  16 hydras
  A hell beast (Depths:3)
  6 alligators
  12 centaur warriors
  20 dancing weapons
  9 death knights
  4 death yaks (Lair:6)
  9 deep troll earth magi
  49 two-headed ogres
  3 vampire magi
  12 deep troll shamans
  A two-headed ogre (shapeshifter) (Depths:5)
  A tengu warrior (D:15)
  14 spriggan berserkers
  3 thrashing horrors (Abyss:3)
  A small abomination (Elf:3)
  Urug (D:10)
  2 sun demons
  4 orc high priests
  A storm dragon zombie (Crypt:2)
  2 soul eaters
  3 shadow wraiths
  A wretched star (Abyss:3)
  19 deep elf knights
  A sixfirhy (D:11)
  35 skeletal warriors
  A storm dragon skeleton (Depths:3)
  2 iron trolls
  A fire crab (shapeshifter) (Depths:5)
  A golden dragon zombie (Depths:4)
  A swamp dragon (shapeshifter) (Depths:4)
  25 hell knights
  A deep troll (shapeshifter) (Vaults:2)
  39 deep trolls
  4 flayed ghosts
  5 unseen horrors
  A sea snake (shapeshifter) (Depths:4)
  3 large abominations (Abyss:3)
  5 spriggan druids
  5 glowing orange brains
  20 ironbrand convokers
  2 shambling mangroves
  8 deep elf archers
  16 orc knights
  12 swamp dragons
  Pikel (D:5)
  A harpy (shapeshifter) (Depths:2)
  4 golden dragon skeletons
  2 spark wasp zombies (Depths:2)
  39 wolf spiders
  68 deep elf magi
  15 necromancers
  5 wizards
  A lindwurm (Lair:6)
  15 phantasmal warriors
  A mana viper (shapeshifter) (Vaults:2)
  2 stone giant zombies
  An orb spider (shapeshifter) (Elf:2)
  A fire giant zombie (Vaults:3)
  11 orc sorcerers
  A sphinx skeleton (Depths:4)
  15 orb spiders
  An iron dragon zombie (Crypt:3)
  54 ugly things
  3 manticores
  4 cyclopes
  2 stone giant skeletons (Crypt:3)
  22 vault sentinels
  12 elephants
  A shock serpent zombie (Crypt:3)
  A moth of wrath (shapeshifter) (Vaults:5)
  10 moths of wrath
  7 black mambas
  3 centaur zombies
  2 rust devils
  2 fire giant skeletons (Crypt:3)
  2 ice statues (IceCv)
  An alligator snapping turtle zombie (Crypt:1)
  Maurice (D:8)
  2 molten gargoyles (Lair:6)
  2 torpor snails
  A guardian serpent (shapeshifter) (Depths:4)
  A spiny frog (shapeshifter) (Vaults:1)
  3 gargoyles
  20 spiny frogs
  A purple draconian zombie (Crypt:3)
  A spriggan zombie (Depths:2)
  A yaktaur zombie (Vaults:4)
  A red draconian zombie (Crypt:2)
  42 yaktaurs
  A human zombie (Vaults:3)
  10 komodo dragons
  2 efreet
  A catoblepas skeleton (Abyss:3)
  6 freezing wraiths
  An ice devil (Abyss:3)
  15 demonic crawlers
  An anaconda simulacrum (Abyss:3)
  A yaktaur skeleton (Vaults:3)
  A silent spectre (Depths:3)
  7 trolls
  A meliai (shapeshifter) (Vaults:4)
  4 tengu conjurers
  3 polar bears (shapeshifter)
  31 jumping spiders
  A jumping spider (shapeshifter) (Vaults:5)
  4 tyrant leeches
  16 polar bears
  29 hornets
  A wind drake (shapeshifter) (Depths:4)
  23 blink frogs
  A minotaur skeleton (Lab)
  A hydra skeleton (Crypt:3)
  2 tengu simulacra
  2 dream sheep (Lair:4)
  9 bog bodies
  A harpy skeleton (Crypt:2)
  54 slime creatures
  A fire giant simulacrum (Crypt:3)
  A snapping turtle (shapeshifter) (Elf:1)
  11 hippogriffs
  7 flying skulls (Crypt:3)
  5 starcursed masses (Abyss:3)
  2 ettin skeletons (Crypt:3)
  2 ice dragon skeletons (Crypt:3)
  16 water elementals
  4 shadows
  A vampire (D:13)
  40 redbacks
  12 spriggans
  8 wyverns
  20 air elementals
  2 redbacks (shapeshifter)
  A yak (shapeshifter) (Vaults:2)
  A tarantella (shapeshifter) (Vaults:5)
  20 tarantellas
  A human (D:13)
  11 wraiths
  51 yaks
  A fire elemental (Elf:1)
  3 hogs (D:13)
  A neqoxec (Abyss:3)
  5 steam dragons
  A steam dragon (shapeshifter) (Vaults:3)
  4 hungry ghosts
  9 basilisks
  A basilisk (shapeshifter) (Depths:3)
  Menkaure (D:7)
  A spatial vortex (Abyss:3)
  14 vampire mosquitoes
  10 insubstantial wisps
  A merfolk zombie (Crypt:2)
  11 wargs
  5 acid dragons
  13 water moccasins
  A hydra simulacrum (Crypt:3)
  12 swamp worms
  4 hell hounds (Lair:6)
  2 porcupines
  12 swamp drakes
  An eye of draining (shapeshifter) (Depths:4)
  47 orc warriors
  An infernal demonspawn skeleton (Crypt:1)
  15 ice beasts
  4 eyes of draining
  A necrophage (D:10)
  3 phantoms
  3 slaves
  28 wolves
  13 boggarts
  7 sky beasts
  57 ogres
  2 swamp dragon zombies
  A snapping turtle skeleton (Crypt:2)
  22 centaurs
  2 manticore skeletons (Crypt:3)
  24 crocodiles
  4 big kobolds
  A rime drake skeleton (Crypt:2)
  A bullfrog (shapeshifter) (Depths:4)
  10 bullfrogs
  2 wyvern zombies
  A cyclops zombie (Crypt:3)
  5 earth elementals
  A glowing shapeshifter simulacrum (Depths:2)
  7 scorpions
  A queen bee zombie (Crypt:1)
  23 killer bees
  16 wights
  A spriggan skeleton (Crypt:3)
  A troll skeleton (Crypt:1)
  A howler monkey (D:8)
  3 electric eels (Lair:1)
  5 lava snakes (Lair:6)
  9 crimson imps
  2 bullfrog zombies
  3 human simulacra
  4 quasits
  8 hounds
  6 jellies
  16 orc priests
  4 centaur skeletons
  5 bullfrog skeletons
  3 iguanas
  23 orc wizards
  9 worker ants
  A big kobold zombie (Crypt:1)
  A demigod skeleton (Crypt:2)
  A deep dwarf skeleton (Crypt:2)
  A hound zombie (D:10)
  2 hound skeletons
  A worker ant zombie (Crypt:2)
  A howler monkey zombie (D:5)
  18 gnolls
  19 adders
  3 shadow imps
  A white imp (Vaults:2)
  3 oozes
  3 adder skeletons
  3 worms
  A dart slug (D:1)
  5 leopard geckos
  120 orcs
  5 ball pythons
  10 giant cockroaches
  A gnoll zombie (Crypt:1)
  15 goblins
  15 hobgoblins
  6 jackals
  31 kobolds
  2 quokkas
  9 bats
  5 frilled lizards
  A giant cockroach zombie (Crypt:3)
  A hobgoblin skeleton (Crypt:1)
  2 jackal skeletons
  A jackal zombie (D:8)
  2 leopard gecko skeletons
  A leopard gecko zombie (D:6)
  2 quokka zombies (D:9)
  5 rats
  A rat skeleton (Crypt:3)
  7 briar patches (Swamp:2)
  2 crawling corpses (Elf:3)
  4 fungi
  12 plants
2580 creatures vanquished.

Vanquished Creatures (collateral kills)
  Sojobo (Vaults:4)
  Bai Suzhen (Vaults:5)
  2 liches (Depths:3)
  Jorgrun (Vaults:3)
  A tentacled monstrosity (Vaults:5)
  2 ancient champions (Crypt:3)
  A shadow dragon (Vaults:5)
  2 tengu reavers
  2 revenants (Crypt:3)
  A vault warden (Vaults:3)
  A war gargoyle (Vaults:5)
  A draconian annihilator (Zot:2)
  A ghoul (Vaults:5)
  A stone giant (Depths:3)
  2 vampire knights (Crypt:3)
  A yellow draconian (Zot:2)
  A deep elf annihilator (Vaults:5)
  An eidolon (Crypt:3)
  A deep elf death mage (Vaults:5)
  A deep elf high priest (Vaults:5)
  An ogre mage (Vaults:5)
  A yaktaur captain (Vaults:5)
  A vault guard (Vaults:5)
  3 hydras
  A spriggan air mage (Depths:3)
  2 two-headed ogres
  A deep troll earth mage (Depths:3)
  A deep troll shaman (Depths:4)
  7 dancing weapons (Elf:2)
  2 deep elf knights
  11 skeletal warriors (Crypt:3)
  2 flayed ghosts (Crypt:3)
  A storm dragon skeleton (Crypt:3)
  A deep troll (Vaults:1)
  A swamp dragon (Swamp:4)
  An orc knight (Vaults:3)
  2 ironbrand convokers (Vaults:1)
  A necromancer (Crypt:3)
  An ugly thing (Vaults:1)
  2 deep elf magi
  A wolf spider (Vaults:1)
  A shadow dragon skeleton (Crypt:3)
  3 moths of wrath (Depths:3)
  A white draconian zombie (Crypt:3)
  2 yaktaurs (Vaults:3)
  A komodo dragon (Swamp:1)
  A dire elephant skeleton (Crypt:3)
  An alligator snapping turtle skeleton (Crypt:3)
  A bog body (Swamp:1)
  2 slime creatures (Vaults:1)
  2 flying skulls (Crypt:3)
  A wraith (Vaults:1)
  A gelid demonspawn zombie (Crypt:3)
  A merfolk zombie (Crypt:3)
  2 swamp drakes
  A torturous demonspawn skeleton (Crypt:3)
  An ogre (Vaults:4)
  2 human skeletons (Vaults:4)
  A wight (Crypt:3)
  An orc (Vaults:3)
95 creatures vanquished.

Vanquished Creatures (others)
  A golden dragon (Depths:4)
  A lich (Depths:2)
  A shadow dragon (Zot:2)
  A fire giant (Depths:2)
  A stone giant (Depths:2)
  A deep elf high priest (Elf:3)
  A hell knight (Depths:2)
  3 deep elf archers
  A deep elf mage (Elf:3)
  A yaktaur (Vaults:3)
  2 hippogriffs (D:8)
  An eye of draining (D:8)
  2 orc warriors
  A slave (D:4)
  2 centaurs (Depths:2)
  A bullfrog (D:8)
  A hound (D:5)
  An orc priest (D:4)
  A centaur skeleton (D:8)
  An iguana (D:4)
  A gnoll (D:4)
  An adder (D:3)
  A leopard gecko (D:7)
  5 orcs
  A hobgoblin (Bailey)
  A quokka (D:5)
  A kobold (D:9)
  A briar patch (Swamp:2)
  21 fungi
  29 plants
87 creatures vanquished.

Grand Total: 2762 creatures vanquished

Notes
Turn   | Place    | Note
-------+----------+-------------------------------------------
     0 | D:1      | removed the Minotaur Wanderer began the quest for the Orb.
     0 | D:1      | removed set off with: a +2 hand crossbow, 26 bolts, a +0 ring mail, a potion of curing, a +0 dagger, a bread ration
     0 | D:1      | Reached XP level 1. HP: 24/24 MP: 0/0
    83 | D:1      | Reached XP level 2. HP: 30/30 MP: 1/1
   857 | D:1      | Reached XP level 3. HP: 37/37 MP: 2/2
  1237 | D:2      | Reached skill level 1 in Axes
  1417 | D:2      | Reached XP level 4. HP: 43/44 MP: 3/3
  2276 | D:3      | Reached XP level 5. HP: 47/50 MP: 4/4
  2559 | D:3      | Found a sacrificial altar of Ru.
  2952 | D:4      | Reached skill level 5 in Axes
  3016 | D:4      | Got a crystal spear
  3569 | D:4      | Reached XP level 6. HP: 57/57 MP: 5/5
  3621 | D:5      | Entered Level 5 of the Dungeon
  3766 | D:5      | You fall through a shaft for 3 floors!
  3967 | D:7      | Found a staircase to the Ecumenical Temple.
  3973 | Temple   | Entered the Ecumenical Temple
  4289 | Temple   | Became a worshipper of the Shining One
  4355 | D:5      | Noticed Pikel
  4355 | D:5      | Noticed a slave
  4355 | D:5      | Noticed a slave
  4355 | D:5      | Noticed a slave
  4356 | D:5      | Noticed a slave
  4362 | D:4      | Killed a slave
  4429 | D:4      | Reached XP level 7. HP: 63/63 MP: 6/6
  4747 | D:5      | Got a fine buckler
  4753 | D:5      | Identified the +0 buckler "Beubb" {rF+ MR+} (You found it on level 5 of the Dungeon)
  4853 | D:5      | Reached skill level 1 in Shields
  4938 | D:6      | Reached * piety under the Shining One
  5032 | D:6      | Reached XP level 8. HP: 66/70 MP: 7/7
  5270 | D:6      | Reached skill level 5 in Shields
  5308 | D:6      | Reached skill level 10 in Axes
  5556 | D:6      | Found a snail-covered altar of Cheibriados.
  5885 | D:7      | Noticed Menkaure
  5933 | D:7      | Killed Menkaure
  5967 | D:7      | Reached ** piety under the Shining One
  5968 | D:7      | Reached XP level 9. HP: 75/75 MP: 8/8
  6858 | D:8      | Noticed a two-headed ogre
  6868 | D:8      | Killed a two-headed ogre
  6868 | D:8      | Reached skill level 15 in Axes
  6868 | D:8      | Reached XP level 10. HP: 83/83 MP: 9/9
  6889 | D:8      | Noticed a cyclops
  6923 | D:8      | Noticed a green ugly thing
  6990 | D:8      | Noticed Maurice
  7136 | D:8      | Reached skill level 5 in Armour
  7381 | D:8      | Found a roughly hewn altar of Beogh.
  7582 | D:9      | Reached *** piety under the Shining One
  7587 | D:9      | Found an ornate altar of the Wu Jian Council.
  7610 | D:9      | Identified a scroll of acquirement
  7611 | D:9      | Got an iridescent battleaxe
  7932 | D:9      | Found Xirphir's Gadget Shoppe.
  8046 | D:9      | Identified the +5 battleaxe "Obroas" {venom, MR- Int+5} (You acquired it on level 9 of the Dungeon)
  8316 | D:9      | Identified the +3 spear of Vimurem {pierce, *Contam rPois rF+ MR++} (You found it on level 4 of the Dungeon)
  8343 | D:9      | Gained mutation: You occasionally shout uncontrollably at your foes. [mutagenic glow]
  9127 | D:8      | Noticed an unseen horror
  9200 | D:8      | Killed Maurice
  9725 | D:6      | Found a snail-covered altar of Cheibriados.
 10047 | D:5      | Killed Pikel
 10158 | D:10     | Entered Level 10 of the Dungeon
 10171 | D:10     | Noticed a two-headed ogre
 10184 | D:10     | Killed a two-headed ogre
 10184 | D:10     | Reached XP level 11. HP: 51/95 MP: 6/10
 10459 | D:10     | Found Moedacoa's Antique Weapon Shoppe.
 10628 | D:10     | Reached skill level 1 in Invocations
 10669 | D:10     | Found Poasoj's Jewellery Boutique.
 10882 | D:10     | Found Verealac's Food Boutique.
 10896 | D:10     | Noticed Urug
 10896 | D:10     | Reached **** piety under the Shining One
 10925 | D:10     | Killed Urug
 11090 | D:10     | Noticed Sonja
 11092 | D:10     | Noticed Sonja
 11092 | D:10     | Sonja changed into Sonja the hornet
 11106 | D:10     | Killed Sonja the hornet
 11374 | D:10     | Found Goax's Antique Weapon Shop.
 11386 | D:10     | Bought a steaming broad axe for 342 gold pieces
 11386 | D:10     | Identified the +2 broad axe "Facwoet" {holy, rF+ rC+} (You bought it in a shop on level 10 of the Dungeon)
 12088 | D:11     | Noticed a white ugly thing
 12098 | D:11     | Killed a white ugly thing
 12252 | D:11     | Found a staircase to the Orcish Mines.
 12351 | D:11     | Reached skill level 10 in Fighting
 12408 | D:11     | Found a staircase to the Lair.
 12471 | D:11     | Noticed a purple ugly thing
 12487 | D:11     | Killed a purple ugly thing
 12803 | Lair:1   | Entered Level 1 of the Lair of Beasts
 13762 | Lair:1   | Reached skill level 5 in Invocations
 14641 | Lair:2   | Reached skill level 10 in Armour
 14796 | Lair:2   | Reached XP level 12. HP: 94/110 MP: 15/15
 14945 | Lair:2   | Found a staircase to the Swamp.
 15659 | Lair:3   | Found a labyrinth entrance.
 15677 | Lab      | Entered a labyrinth
 17058 | Lab      | Noticed a minotaur
 17065 | Lab      | Killed a minotaur
 17074 | Lab      | Got a jewelled scale mail
 17086 | Lab      | Identified the +1 scale mail "Ohelylos" {rPois Int+4 Slay-4} (You found it in a labyrinth)
 17743 | Lair:3   | Noticed Gastronok
 17762 | Lair:3   | Killed Gastronok
 18431 | Lair:4   | Noticed a four-headed hydra
 18520 | Lair:4   | Found a frozen archway.
 18561 | IceCv    | Entered an ice cave
 18568 | IceCv    | Reached XP level 13. HP: 77/119 MP: 18/18
 19402 | IceCv    | Noticed a white draconian
 19420 | IceCv    | Killed a white draconian
 20208 | Lair:4   | Got a smoking hunting sling
 20503 | Lair:4   | Found a hole to the Spider Nest.
 21552 | Lair:6   | Entered Level 6 of the Lair of Beasts
 21577 | Lair:6   | Reached ***** piety under the Shining One
 21669 | Lair:6   | Reached skill level 10 in Invocations
 21949 | Lair:6   | Reached XP level 14. HP: 100/133 MP: 20/20
 22063 | Lair:6   | Found a runed door.
 22065 | Lair:6   | Found a viscous altar of Jiyva.
 22065 | Lair:6   | Found a staircase to the Slime Pits.
 22406 | Lair:6   | Found a large runed door.
 22775 | Lair:6   | Reached skill level 15 in Fighting
 23156 | Lair:6   | Found a large runed door.
 23911 | D:8      | Got an encrusted shortbow
 24085 | Orc:1    | Entered Level 1 of the Orcish Mines
 24091 | Orc:1    | Noticed Josephine
 24105 | Orc:1    | Killed Josephine
 24207 | Orc:2    | Entered Level 2 of the Orcish Mines
 24207 | Orc:2    | Found Firioff's Antique Weapon Boutique.
 24287 | Orc:1    | Reached skill level 15 in Armour
 25408 | Orc:2    | Gained mutation: You do not regenerate when monsters are visible. [a neqoxec]
 25435 | Orc:2    | Noticed an orc warlord
 25709 | Orc:1    | Lost mutation: You occasionally shout uncontrollably at your foes. [potion of mutation]
 25709 | Orc:1    | Lost mutation: You do not regenerate when monsters are visible. [potion of mutation]
 25709 | Orc:1    | Gained mutation: Your flesh is cold resistant. (rC+) [potion of mutation]
 25709 | Orc:1    | Gained mutation: You possess an exceptional clarity of mind. [potion of mutation]
 25709 | Orc:1    | Lost mutation: Your flesh is cold resistant. (rC+) [potion of mutation]
 25709 | Orc:1    | Gained mutation: You have a pair of large horns on your head. [potion of mutation]
 25727 | Orc:2    | Killed an orc warlord
 25733 | Orc:2    | Noticed an orc warlord
 25949 | Orc:1    | Killed an orc warlord
 26307 | Orc:2    | Found Mapask's Book Shoppe.
 26341 | Orc:2    | Found Axzus's General Store.
 26367 | Orc:2    | Reached XP level 15. HP: 144/144 MP: 23/23
 26402 | Orc:2    | Found Diule's Antique Armour Emporium.
 26405 | Orc:2    | Found a staircase to the Elven Halls.
 26555 | Orc:2    | Found Xodghudi's Magic Scroll Shoppe.
 26670 | Orc:2    | Noticed Erolcha
 26674 | Orc:2    | Killed Erolcha
 26805 | Orc:2    | Got a smoking shield
 26816 | Orc:2    | Identified the +0 shield of the Thistle {*Corrode rPois Dex+3} (You acquired it on level 2 of the Orcish Mines)
 27545 | Orc:2    | Bought a scroll of acquirement for 936 gold pieces
 27546 | Orc:2    | Got a spiked plate armour
 27557 | Orc:2    | Identified the +5 plate armour of Ofamonk {Str+6} (You acquired it on level 2 of the Orcish Mines)
 27558 | Orc:2    | Lost mutation: You have a pair of large horns on your head. [potion of mutation]
 27558 | Orc:2    | Gained mutation: Your mind is acute. (Int +2) [potion of mutation]
 27558 | Orc:2    | Gained mutation: You are resistant to electric shocks. (rElec) [potion of mutation]
 27593 | Orc:2    | Bought an embroidered hat for 217 gold pieces
 27984 | D:12     | Found Zomitz's Antique Armour Emporium.
 28131 | D:12     | Noticed Gorglomux's ghost (journeyman HOAr)
 28153 | D:12     | Killed Gorglomux's ghost
 28502 | D:12     | Reached ****** piety under the Shining One
 28681 | D:13     | Found a gate to the Vaults.
 28809 | D:13     | Found a flagged portal.
 28822 | Bailey   | Entered a bailey
 29215 | D:13     | Noticed Frances
 29228 | D:13     | Killed Frances
 30118 | D:14     | Got a shadowed robe
 30184 | D:14     | Found Geleudatt's Magic Scroll Shop.
 30379 | D:15     | Entered Level 15 of the Dungeon
 31083 | D:15     | Found a white marble altar of Elyvilon.
 31121 | D:15     | Got an ancient silver ring
 31148 | D:15     | Reached XP level 16. HP: 152/152 MP: 24/24
 31171 | D:15     | Identified the ring of Oriepocu {rF+ rC+ Dex-3 SInv} (You found it on level 15 of the Dungeon)
 31306 | D:15     | Noticed Nessos
 31320 | D:15     | Killed Nessos
 31507 | D:15     | Found a staircase to the Depths.
 31512 | D:15     | Identified a +2 broad axe of holy wrath (a +0 broad axe of chopping blessed by the Shining One)
 31512 | D:15     | Received a gift from the Shining One
 31529 | D:15     | Got a distressingly furry chain mail
 31540 | D:15     | Identified the +9 chain mail "Jeoliq" {Int+7} (You acquired it on level 15 of the Dungeon)
 31884 | Spider:1 | Entered Level 1 of the Spider Nest
 33866 | Spider:4 | Entered Level 4 of the Spider Nest
 34101 | Spider:4 | Noticed Agnes
 34113 | Spider:4 | Killed Agnes
 34186 | Spider:4 | Reached XP level 17. HP: 140/166 MP: 16/26
 34812 | Spider:4 | Noticed Arachne
 34831 | Spider:4 | Killed Arachne
 35797 | Spider:4 | Got a gossamer rune of Zot
 36157 | Vaults:1 | Entered Level 1 of the Vaults
 36439 | Vaults:1 | Paralysed by a hornet for 2 turns
 37495 | Vaults:1 | Reached XP level 18. HP: 114/177 MP: 16/28
 37790 | Vaults:1 | Reached skill level 15 in Invocations
 39483 | Vaults:2 | Found a basalt altar of Yredelemnul.
 39485 | Vaults:2 | Found a staircase to the Crypt.
 39486 | Vaults:2 | Found an ancient bone altar of Kikubaaqudgha.
 40180 | Vaults:2 | Reached XP level 19. HP: 187/188 MP: 30/30
 40663 | Vaults:3 | Got a flickering bone ring
 40669 | Vaults:3 | Identified the ring "Xuposay" {+Fly MR+ MP+9} (You found it on level 3 of the Vaults)
 40685 | Vaults:3 | Got a brightly glowing leather armour
 40771 | Vaults:3 | Found Baezo's Food Emporium.
 41278 | Vaults:3 | Noticed Jorgrun
 41286 | Vaults:3 | Killed Jorgrun
 41298 | Vaults:3 | Got a shimmering hunting sling
 42064 | Vaults:4 | Found Pitz's General Store.
 42211 | Vaults:4 | Found Roasch's Antique Weapon Shop.
 42272 | Vaults:4 | Found Fieq's Armour Shop.
 42293 | Vaults:4 | Noticed Donald
 42304 | Vaults:4 | Killed Donald
 42478 | Vaults:4 | Found Cyhokon's Armour Boutique.
 42691 | Vaults:4 | Paralysed by a hornet for 1 turns
 42703 | Vaults:4 | Reached XP level 20. HP: 183/200 MP: 31/31
 42760 | Vaults:4 | Got an ivory great sword {protect}
 42777 | Vaults:4 | Noticed Sojobo
 42900 | Vaults:4 | Found Qarien's Armour Emporium.
 43002 | Vaults:4 | Killed Sojobo
 43444 | Vaults:4 | Bought the +15 plate armour "Utwioh" {+Fly rCorr Int+4 Dex-4} for 2502 gold pieces
 43662 | Elf:1    | Entered Level 1 of the Elven Halls
 43948 | Elf:1    | Identified Alulen's Volume of the Entourage
 44192 | Elf:1    | Noticed Roxanne
 44203 | Elf:1    | Killed Roxanne
 45094 | Elf:2    | Found a runed gate.
 45094 | Elf:2    | Found a runed gate.
 45094 | Elf:2    | Found a runed gate.
 46880 | Swamp:1  | Entered Level 1 of the Swamp
 47089 | Swamp:1  | Noticed Aizul
 47103 | Swamp:1  | Killed Aizul
 47791 | Swamp:2  | Got a steaming robe
 47969 | Swamp:2  | Reached XP level 21. HP: 211/211 MP: 33/33
 49343 | Swamp:4  | Entered Level 4 of the Swamp
 49725 | Swamp:4  | Noticed the 27-headed Lernaean hydra
 49737 | Swamp:4  | Killed the 24-headed Lernaean hydra
 50282 | Swamp:4  | Got a decaying rune of Zot
 50886 | Vaults:4 | Bought a scarf of spirit shield for 144 gold pieces
 50937 | Vaults:4 | Bought the +3 warlock's mirror {reflect} for 640 gold pieces
 51076 | Crypt:1  | Entered Level 1 of the Crypt
 51367 | Crypt:1  | Got a bloodstained long sword
 52070 | Crypt:2  | Found a basalt altar of Yredelemnul.
 52730 | Crypt:3  | Entered Level 3 of the Crypt
 52970 | Crypt:3  | Found a staircase to the Tomb.
 53064 | Crypt:3  | Found an ancient bone altar of Kikubaaqudgha.
 53081 | Crypt:3  | Noticed an ancient lich
 53090 | Crypt:3  | Reached skill level 10 in Shields
 53096 | Crypt:3  | Reached XP level 22. HP: 222/222 MP: 34/34
 53099 | Crypt:3  | Killed an ancient lich
 53118 | Crypt:3  | Got an ancient mace
 53134 | Crypt:3  | Got a crude brass ring
 53134 | Crypt:3  | Got a shimmering jade ring
 53259 | Crypt:3  | Identified the Tome of Sinister Secrets
 53806 | Crypt:3  | Identified the ring of a Thousand Cities {rN+ Int+5 Dex+4} (You found it on level 3 of the Crypt)
 53810 | Crypt:3  | Identified the ring "Unoqot" {rPois rN+ Str-4 Dex+3} (You found it on level 3 of the Crypt)
 54268 | Elf:3    | Entered Level 3 of the Elven Halls
 54604 | Elf:3    | Found a deep blue altar of Sif Muna.
 54902 | Elf:3    | Noticed Saint Roka
 54910 | Elf:2    | Got a fine quarterstaff {crush}
 55323 | Elf:3    | Reached skill level 15 in Shields
 55346 | Elf:3    | Killed Saint Roka
 55476 | Elf:3    | Got a bound silver amulet
 55802 | Elf:3    | Identified the amulet "Luzyucha" {Harm *Drain +Blink +Fly rN++ Dex-5} (You took it off a deep elf sorcerer on level 3 of the Elven Halls)
 55814 | Elf:3    | Got a transparent falchion {vamp}
 55821 | Elf:3    | Got a smoking copper ring
 55826 | Elf:3    | Got a jewelled great sword {slice}
 55832 | Elf:3    | Got a slimy jade ring
 55837 | Elf:3    | Identified the ring "Edaojeli" {rPois rC+ Str+4 SInv} (You took it off a deep elf sorcerer on level 3 of the Elven Halls)
 55840 | Elf:3    | Identified the ring "Mangasiu" {rCorr Int+4} (You took it off a deep elf elementalist on level 3 of the Elven Halls)
 55845 | Elf:3    | Got a translucent battleaxe {speed}
 55846 | Elf:3    | Identified the cursed +1 battleaxe of the Desert {speed, rElec Stlth+} (You took it off a deep elf sorcerer on level 3 of the Elven Halls)
 55946 | Elf:3    | Identified Vehumet's Compendium of Feathery Conjuration
 55951 | Elf:3    | Got a pitted scale mail
 55958 | Elf:3    | Identified the Reference Book on Changing
 55969 | Elf:3    | Got a heavily runed chain mail
 56416 | Depths:1 | Entered Level 1 of the Depths
 56456 | Depths:1 | Found Xoff's Book Shoppe.
 56676 | Depths:1 | Found Epoal's Pet Rocks.
 56709 | Depths:1 | Noticed the Enchantress
 56810 | Depths:1 | Killed the Enchantress
 56810 | Depths:1 | Reached XP level 23. HP: 153/229 MP: 35/35
 56818 | Depths:1 | Got faerie dragon scales
 56819 | Depths:1 | Identified the +1 faerie dragon scales {rElec rCorr} (You took it off the Enchantress on level 1 of the Depths)
 57114 | Depths:1 | Found a gateway to Hell.
 57972 | Depths:2 | Found a gateway to a ziggurat.
 58415 | Depths:2 | Found Wyme's Jewellery Shoppe.
 58415 | Depths:2 | Found Biofisid's Gadget Boutique.
 58416 | Depths:2 | Found Fopoe's Jewellery Shoppe.
 58993 | Depths:3 | Found a one-way gate leading to the halls of Pandemonium.
 59208 | Depths:3 | Found a transporter.
 59301 | Depths:3 | Noticed a juggernaut
 59304 | Depths:3 | Found a bloodstained altar of Trog.
 59318 | Depths:3 | Found a transporter.
 59318 | Depths:3 | Found a runed door.
 59346 | Depths:3 | Killed a juggernaut
 59625 | Depths:3 | Got an encrusted battleaxe
 59626 | Depths:3 | Identified the +11 battleaxe of Intuition {elec, Str+3} (You found it on level 3 of the Depths)
 59837 | Depths:3 | Reached XP level 24. HP: 230/242 MP: 36/36
 60208 | Depths:4 | Found an iron altar of Okawaru.
 60208 | Depths:4 | Found a shadowy altar of Dithmenos.
 60210 | Depths:4 | Found a one-way gate to the infinite horrors of the Abyss.
 60417 | Depths:4 | Found a hazy altar of Hepliaklqana.
 61031 | Depths:4 | Reached skill level 27 in Armour
 62060 | Depths:4 | Identified the Guide on the Blistering Frostbite
 62248 | Depths:4 | Reached XP level 25. HP: 218/253 MP: 36/36
 62325 | Depths:5 | Entered Level 5 of the Depths
 62878 | Depths:5 | Found a gate to the Realm of Zot.
 63063 | Depths:5 | Reached skill level 27 in Fighting
 64248 | Vaults:5 | Entered Level 5 of the Vaults
 64261 | Vaults:5 | Cast into level 3 of the Abyss (vault guard)
 64594 | Vaults:5 | Escaped the Abyss
 64894 | Vaults:5 | Noticed Bai Suzhen
 64909 | Vaults:5 | Gained mutation: Scrolls take you a little longer to read. [a shining eye]
 64912 | Vaults:5 | Killed Bai Suzhen
 64940 | Vaults:5 | Reached XP level 26. HP: 123/266 MP: 29/37
 64944 | Vaults:5 | Noticed Boris
 64954 | Vaults:5 | Killed Boris
 65659 | Vaults:5 | Got a faintly glowing cloak
 65680 | Vaults:5 | Identified the +1 cloak of Proximity {MR+ rCorr} (You found it on level 5 of the Vaults)
 66021 | Vaults:5 | Noticed an ancient lich
 66026 | Vaults:5 | Killed an ancient lich
 66620 | Vaults:5 | Got a crude wooden ring
 66622 | Vaults:5 | Identified the ring "Pemuss" {rElec Str+3 Slay+2} (You found it on level 5 of the Vaults)
 66887 | Vaults:5 | Identified the Handbook of Flying Transmigration
 67040 | Vaults:5 | Got a silver rune of Zot
 67113 | Vaults:5 | Got a pair of warped gloves
 67124 | Vaults:5 | Identified the +1 pair of gloves of Articulation {Regen+ MP+9 Dex+4 Slay+2} (You acquired it on level 5 of the Vaults)
 67820 | Orc:2    | Bought a scroll of acquirement for 936 gold pieces
 68230 | Zot:1    | Entered Level 1 of the Realm of Zot
 68517 | Zot:2    | Reached XP level 27. HP: 106/273 MP: 37/37
 68811 | Zot:5    | Entered Level 5 of the Realm of Zot
 68988 | Zot:5    | Noticed an ancient lich
 69000 | Zot:5    | Killed an ancient lich
 69217 | Zot:5    | Noticed an ancient lich
 69226 | Zot:5    | Killed an ancient lich
 69314 | Zot:5    | Lost mutation: You possess an exceptional clarity of mind. [a Zot trap]
 69314 | Zot:5    | Noticed an orb of fire
 69315 | Zot:5    | Lost mutation: Your mind is acute. (Int +2) [an orb of fire]
 69316 | Zot:5    | Lost mutation: You are resistant to electric shocks. (rElec) [potion of mutation]
 69316 | Zot:5    | Lost mutation: Scrolls take you a little longer to read. [potion of mutation]
 69316 | Zot:5    | Gained mutation: You are clumsy. (Dex -2) [potion of mutation]
 69316 | Zot:5    | Gained mutation: Your natural rate of healing is unusually fast. [potion of mutation]
 69316 | Zot:5    | Gained mutation: Your mind is acute. (Int +2) [potion of mutation]
 69317 | Zot:5    | Lost mutation: You are clumsy. (Dex -2) [potion of mutation]
 69317 | Zot:5    | Lost mutation: Your natural rate of healing is unusually fast. [potion of mutation]
 69317 | Zot:5    | Gained mutation: You are occasionally teleported next to monsters. [potion of mutation]
 69317 | Zot:5    | Gained mutation: You are agile. (Dex +2) [potion of mutation]
 69318 | Zot:5    | Lost mutation: Your mind is acute. (Int +2) [potion of mutation]
 69318 | Zot:5    | Lost mutation: You are occasionally teleported next to monsters. [potion of mutation]
 69318 | Zot:5    | Gained mutation: Scrolls take you a little longer to read. [potion of mutation]
 69318 | Zot:5    | Gained mutation: Your magical capacity is low. (-10% MP) [potion of mutation]
 69318 | Zot:5    | Gained mutation: You have very sharp teeth. [potion of mutation]
 69318 | Zot:5    | Gained mutation: Your flesh is heat resistant. (rF+) [potion of mutation]
 69320 | Zot:5    | Killed an orb of fire
 69323 | Zot:5    | Noticed an orb of fire
 69328 | Zot:5    | Noticed an orb of fire
 69333 | Zot:5    | Gained mutation: You are very agile. (Dex +4) [an orb of fire]
 69338 | Zot:5    | Killed an orb of fire
 69508 | Zot:5    | Got the Orb of Zot
 69509 | Zot:5    | Gained mutation: Your spells are a little easier to cast, but a little less powerful. [an orb of fire]
 69513 | Zot:5    | Killed an orb of fire
 69556 | Zot:5    | Noticed an ancient lich
 69563 | Zot:5    | Killed an ancient lich
 69607 | Zot:4    | Noticed Soahuac the pandemonium lord
 69912 | D:13     | Noticed Xiapp the pandemonium lord
 70257 | D:$      | Escaped with the Orb!

Vault maps used:
D:1:      eino_arrival_cavern_c
D:2:      kennysheep_generic_room_2
D:3:      corner_web_ring, nicolae_ru_the_path_less_chosen
D:4:      first_bread
D:5:      uniq_pikel
D:6:      slow_altar_2
D:7:      minmay_temple_entry_butterflies, uniq_menkaure
D:8:      special_room, serial_glass, glass_columns_b, glass_columns_b,
          minivault_12, uniq_maurice
D:9:      basic_altar, serial_shops, kennysheep_mini_moat
D:10:     serial_shops, nicolae_shop_competitors_out_of_business,
          nicolae_shop_stone, shop, nicolae_shop_overgrown_old_shop, uniq_sonja,
          uniq_urug
D:11:     erik_lair_dragon, orc_0_dummy
D:12:     serial_shops, shop
D:13:     erik_vaults_1, enter_bailey_3, grunt_livestock,
          minmay_misc_feat_four_crosses, uniq_frances
D:14:     minmay_misc_feat_alley, serial_shops, shop, kennysheep_generic_room_11
D:15:     grunt_enter_depths_magical_seal, elyvilon_altar_3, minivault_19,
          uniq_nessos
Temple:   roderic_octagonal_lattice_temple
Lair:1:   serial_bayou_lake_a
Lair:2:   swamp_mist_pool
Lair:3:   lab_entry_generic, grunt_megastairs_5, uniq_gastronok
Lair:4:   nicolae_spider_entry_non_spiders, portal_ice_cave_entry_ice_beasts,
          serial_bayou_shore_b, serial_bayou_shore_b
Lair:6:   cheibrodos_lair_end_hotspot, slime_altar_2
Swamp:1:  evilmike_swamp_ruin_house_4, uniq_aizul
Swamp:2:  cheibrodos_swamp_heart_of_darkness, evilmike_swamp_ruin_house_5,
          swamp_pool2
Swamp:3:  evilmike_swamp_ruin_rubble_2, infiniplex_staircase_pool
Swamp:4:  swamp_old_school
Spider:2: hangedman_spider_mandibles
Spider:4: guppyfry_spider_rune, hangedman_spider_tarantella_strand,
          nicolae_spider_cling_ruins, uniq_arachne, uniq_agnes
Orc:1:    uniq_josephine
Orc:2:    grunt_orc_gardens, grunt_orc_garden, grunt_orc_garden,
          grunt_orc_garden, grunt_orc_garden, serial_shops,
          nicolae_shop_behind_doors, uniq_erolcha
Elf:1:    elf_arrival_002, minmay_elf_demonology, nrook_mini_backslash,
          uniq_roxanne
Elf:2:    patterned_corridor, basic_stair_grate_trap
Elf:3:    minmay_elf_hall_x, basic_altar, basic_stair_grate_trap,
          uniq_saint_roka
Vaults:1: nicolae_vaults_theta, hangedman_vaults_stitches, v_rooms_2,
          hangedman_vaults_maws, hangedman_vaults_variations,
          ontoclasm_vaults_idyll, v_pattern_3, v_misc_12
Vaults:2: minmay_crypt_entry_necro_gods, nicolae_vaults_specimen_jars,
          hangedman_vaults_maws, vaults_mumra_hexcomb,
          ontoclasm_vaults_decontamination, v_misc_8, v_misc_5,
          dpeg_vaults_monster_row, v_misc_13, v_misc_8, hangedman_vaults_nails,
          st_lattice, nicolae_vaults_network_star, serial_ice_b,
          nicolae_vaults_theta
Vaults:3: vaults_room_stairs_pillars, nicolae_vaults_little_squares_5,
          grunt_vaults_bifocal, ontoclasm_vaults_chip, hangedman_vaults_locks,
          ontoclasm_vaults_ligature, v_misc_30, vaults_mumra_chevron_long,
          nicolae_vaults_circle_grid_a, nicolae_vaults_stairing_the_circle,
          hangedman_vaults_trim, v_misc_29, nicolae_vaults_ring_of_whatevers,
          nicolae_vaults_little_squares_4, v_misc_17,
          vaults_room_hangedman_quadrants, v_misc_24, serial_shops,
          nicolae_shop_waterfront, uniq_jorgrun
Vaults:4: vaults_dpeg_encased_lava, nicolae_vaults_little_squares_4,
          nicolae_vaults_mini_display_case, v_alt_pattern_4, v_misc_4,
          hangedman_vaults_trim, v_misc_16, v_misc_17,
          ontoclasm_vaults_shuriken, v_misc_16, st_smaller_cells,
          hangedman_vaults_trim, vaults_room_fours, v_misc_15,
          vaults_dpeg_cross, serial_shops, shop, shop, shop_statue, shop, shop,
          uniq_donald, uniq_sojobo
Vaults:5: serial_shops, uniq_boris, uniq_bai_suzhen
Crypt:1:  grunt_crypt_arrival_split
Crypt:2:  basic_altar
Crypt:3:  church_of_pain_bobbens, nicolae_tomb_entry_rubble_hallway
Depths:1: hell_entry, serial_shops, nicolae_shop_behind_doors,
          serial_bayou_pond_c, eino_tiny_chamber, guppyfry_shop_earth,
          kennysheep_cross_landing, uniq_enchantress
Depths:2: grunt_bruiser_brothers, enter_ziggurat_c, hell_entry, serial_bayou,
          serial_bayou_pond_c, serial_bayou_pond_a, serial_bayou_pond_a,
          serial_bayou_crossing, minmay_shop_grove
Depths:3: emtedronai_trogs_sanctum, minmay_fountain_box, grunt_mini_vestibule,
          pan_entry, kennysheep_generic_room_14, serial_bayou_shore_b,
          minmay_staircase_bubble, serial_bayou_shore_a, serial_bayou_shore_b
Depths:4: hangedman_slaughterboxes, pan_entry, abyss_entry, hell_entry
Depths:5: evilmike_zot_entry_diamond, abyss_entry, pf_dread_powers_of_hell,
          abandoned_shop, grunt_megastairs_1, basic_stair_grate_trap
Zot:1:    hangedman_zot_decor_slant, st_stairs_7
Zot:2:    hangedman_orp_of_zott, st_stairs_12
Zot:3:    st_small_dragon_hoard_3
Zot:5:    st_stairs_4
Abyss:3:  nicolae_abyss_rune_left_handed
Lab:      nicolae_lab_very_dead_end, nicolae_lab_stuck, nicolae_lab_grate
Bailey:   bailey_axe_2, bailey
IceCv:    ice_cave_small_giant

Skill      XL: |  1  2  3  4  5  6  7  8  9 10 11 12 13 14 15 16 17 18 19 20 21 22 23 24 25 26 27 |
---------------+----------------------------------------------------------------------------------+-----
Armour         | 2 3 7 10 12 13 15 16 17 19 20 21 22 23 24 27 | 27.0
Axes           | 2 4 6 7 9 12 15 16 18 19 20 22 24 26 | 26.1
Shields        | 4 5 10 16 | 16.0
Fighting       | 8 11 12 14 16 18 19 20 21 23 24 25 26 27 | 27.0
Invocations    | 5 8 10 12 13 14 16 17 18 19 20 22 23 25 | 25.1
Crossbows      | |  1.1
Dodging        | |  0.2
Stealth        | |  1.5
Evocations     | |  1.0

Action                   |  1- 3 |  4- 6 |  7- 9 | 10-12 | 13-15 | 16-18 | 19-21 | 22-24 | 25-27 || total
-------------------------+-------+-------+-------+-------+-------+-------+-------+-------+-------++-------
Melee: Dagger            |    49 |       |       |       |       |       |       |       |       ||    49
       Headbutt          |     8 |    23 |    26 |   120 |   308 |   319 |   328 |   263 |   208 ||  1603
       Short sword       |    17 |       |       |       |       |       |       |       |       ||    17
       War axe           |    28 |     8 |       |   204 |       |       |       |       |       ||   240
       Hand axe          |       |   145 |   200 |   118 |       |       |       |       |       ||   463
       Unarmed           |       |       |       |     2 |       |       |       |       |       ||     2
       Broad axe         |       |       |       |   368 |  1271 |  1144 |  1432 |   958 |       ||  5173
       Battleaxe         |       |       |       |       |       |       |       |   348 |   859 ||  1207
       Bite              |       |       |       |       |       |       |       |       |     9 ||     9
 Fire: Hand crossbow     |    28 |       |       |       |       |       |       |       |       ||    28
       Blowgun           |       |       |       |     1 |     2 |       |       |       |       ||     3
Invok: Divine Shield     |       |       |       |     3 |     7 |    12 |    19 |    23 |    11 ||    75
       Summon Divine War |       |       |       |       |     2 |     2 |    10 |     3 |     7 ||    24
       Brand Weapon With |       |       |       |       |       |     1 |       |       |       ||     1
 Abil: Evoke Berserk Rag |       |       |       |       |       |       |       |       |     1 ||     1
Evoke: Wand              |       |       |     3 |    12 |    15 |     1 |     4 |     5 |     7 ||    47
  Use: Scroll            |       |    11 |     3 |    15 |    15 |     8 |    10 |     8 |    13 ||    83
       Potion            |       |       |       |       |     3 |       |       |     1 |    17 ||    21
  Eat: Chunk             |     2 |     8 |     9 |    27 |    43 |    19 |    31 |    23 |     8 ||   170
       Meat ration       |       |       |       |     1 |       |       |     1 |       |     1 ||     3
       Royal jelly       |       |       |       |     3 |       |     6 |     6 |     4 |     2 ||    21
       Bread ration      |       |       |       |       |       |       |       |     1 |     2 ||     3
       Fruit             |       |       |       |       |       |       |       |       |     1 ||     1
Armor: Chain mail        |    79 |    70 |    57 |    73 |       |       |       |       |       ||   279
       Ring mail         |     1 |       |       |       |       |       |       |       |       ||     1
       Plate armour      |       |       |       |   126 |   553 |   561 |   651 |   597 |   623 ||  3111
Dodge: Dodged            |    47 |    42 |    41 |   172 |   362 |   223 |   284 |   265 |   278 ||  1714
Block: Other             |       |    13 |     3 |     1 |       |       |       |    77 |   187 ||   281
       Buckler           |       |       |    48 |   231 |   602 |   509 |   645 |   752 |       ||  2787
       Reflection        |       |       |     1 |     6 |    41 |    15 |    42 |    97 |       ||   202
